 Dungeon Crawl Stone Soup version 0.30-a0-782-ge64f9170bb (webtiles) character file.

Game seed: 8024863666498126758

10713 funkygono the Arsonist (level 11, -8/57 HPs)
             Began as a Gargoyle Fire Elementalist on Mar 9, 2023.
             Was a Priest of Sif Muna.
             Mangled by a wyvern (16 damage)
             ... on level 10 of the Dungeon.
             The game lasted 00:22:03 (11515 turns).

funkygono the Arsonist (GrFE)                      Turns: 11515, Time: 00:22:03

Health: -8/57      AC: 11    Str: 17    XL:     11   Next: 66%
Magic:  24/25      EV: 17    Int: 21    God:    Sif Muna [***...]
Gold:   489        SH:  0    Dex: 10    Spells: 17/31 levels left

rFire   . . .      SeeInvis +    r - +2 whip (vamp)
rCold   . . .      Faith    .    (no shield)
rNeg    + . .      Spirit   .    v - +5 robe of Misfortune {Harm *Corrode *Slow EV+5}
rPois   ∞          Reflect  .    (no helmet)
rElec   +          Harm     +    (no cloak)
rCorr   .          Rampage  .    D - +1 pair of gloves
Will    .....                    H - +1 pair of boots {Fly}
Stlth   ++                       (no amulet)
HPRegen 0.29/turn                d - ring of see invisible
MPRegen 0.19/turn                x - +6 ring of strength

@: corroded, flying
A: sickness immunity, AC +8, negative energy resistance 1, electricity
resistance, torment resistance 1, petrification resistance
a: Renounce Religion, Channel Magic, Forget Spell


You were on level 10 of the Dungeon.
You worshipped Sif Muna.
Sif Muna was most pleased with you.
You visited 2 branches of the dungeon, and saw 11 of its levels.
You also visited: Bailey.

You collected 883 gold pieces.
You spent 394 gold pieces at shops.

Inventory:

Hand Weapons
 o - a +0 flail
 p - a +0 whip
 r - a +2 vampiric whip (weapon)
 J - a +2 mace of holy wrath
 L - a +3 mace of freezing
Armour
 a - a +0 robe
 i - a +1 robe of the Archmagi
 m - +0 acid dragon scales
 v - the +5 robe of Misfortune (worn) {Harm *Corrode *Slow EV+5}
   (You found it on level 4 of the Dungeon)

   EV:        It affects your evasion (+5).
   *Corrode:  It may corrode you when you take damage.
   *Slow:     It may slow you when you take damage.
   Harm:      It increases damage dealt and taken.
 D - a +1 pair of gloves (worn)
 H - a +1 pair of boots of flying (worn)
Magical Staves
 f - a staff of earth
Jewellery
 d - a ring of see invisible (left hand)
 t - a ring of ice
 x - a +6 ring of strength (right hand)
 y - a +6 ring of strength
 A - an amulet of guardian spirit
Wands
 c - a wand of digging (2)
 w - a wand of roots (13)
 z - a wand of flame (13)
 I - a wand of charming (7)
Scrolls
 g - a scroll of amnesia
 u - a scroll of fog
 C - 2 scrolls of teleportation
 E - a scroll of poison
 G - a scroll of blinking
 K - a scroll of fear
Potions
 b - 2 potions of magic
 e - 3 potions of mutation
 h - a potion of invisibility {unknown}
 j - 7 potions of brilliance
 k - 2 potions of might
 l - 8 potions of flight
 n - 4 potions of curing
 q - 2 potions of berserk rage
 s - 2 potions of resistance
 B - a potion of heal wounds {unknown}
 F - 2 potions of attraction
Miscellaneous
 M - a condenser vane


   Skills:
 + Level 1.9 Fighting
 + Level 1.8 Maces & Flails
 + Level 3.3 Dodging
 - Level 2.1 Stealth
 + Level 10.8 Spellcasting
 + Level 8.5 Conjurations
 + Level 11.0 Fire Magic
 + Level 1.8 Earth Magic


You had 17 spell levels left.
You knew the following spells:

 Your Spells              Type           Power      Damage    Failure   Level
a - Foxfire               Conj/Fire      100%       2x1d9     1%          1
b - Scorch                Fire           100%       2d10      1%          2
c - Kindle Blastsparks    Fire/Tloc/Air  52%        2d14      4%          3
d - Flame Wave            Conj/Fire      51%        2d13      1%          4
e - Sandblast             Erth           38%        2d10      2%          1
f - Stone Arrow           Conj/Erth      66%        3d11      1%          3

Your spell library contained the following spells:

 Spells                   Type           Power      Damage    Failure   Level
 Inner Flame              Hex/Fire       34%        N/A       1%          3
 Apportation              Tloc           22%        N/A       6%          1
 Necrotise                Necr           44%        1d6       6%          1
 Summon Small Mammal      Summ           44%        N/A       6%          1
 Passwall                 Tmut/Erth      12%        N/A       6%          2
 Call Canine Familiar     Summ           11%        N/A       19%         3
 Gell's Gravitas          Tloc           11%        N/A       19%         3
 Summon Guardian Golem    Hex/Summ       11%        N/A       19%         3
 Teleport Other           Tloc           11%        N/A       19%         3
 Dispel Undead            Necr           11%        3d9       52%         4
 Death Channel            Necr           5%         N/A       100%        6
 Dispersal                Tloc           5%         N/A       100%        6
 Malign Gateway           Summ/Tloc      5%         N/A       100%        7
 Summon Horrible Things   Summ           5%         N/A       100%        8
 Cigotuvi's Dreadful Rot  Necr/Pois/Air  Unusable   N/A       N/A         2

Dungeon Overview and Level Annotations

Branches:
Dungeon (10/15)            Temple (1/1) D:6            Lair (0/5) D:10
 Bailey (visited)
    Orc: D:9-12

Altars:
Ashenzari
Cheibriados
Dithmenos
Elyvilon
Fedhas
Gozag
Hepliaklqana
Kikubaaqudgha
Makhleb
Nemelex Xobeh
Okawaru
Qazlal
Ru
Sif Muna
Trog
Uskayaw
Vehumet
Wu Jian
Xom
Yredelemnul
Zin
The Shining One

Shops:
D:7 :=[


Innate Abilities, Weirdness & Mutations

You are immune to sickness and miasma.
Your stone body is resilient. (AC +8)
You are immune to poison.
You resist negative energy. (rN+)
You are resistant to electric shocks. (rElec)
You are resistant to unholy torment.
You are immune to petrification.


Message History

The centaur wields a +0 shortbow.
The centaur shoots an arrow.
The arrow hits you but does no damage.
The wyvern bites you but does no damage.
The centaur zaps a wand.
The puff of flame hits you.
Your corrosive artefact corrodes you!
The wyvern misses you.
The centaur unwields a +0 shortbow.
The centaur hits you but does no damage.
The centaur kicks you but does no damage.
The wyvern is no longer more vulnerable to fire.
The centaur completely misses you. x2; The wyvern closely misses you.
The boulder beetle hits you!!
Ouch! That really hurt!
* * * LOW HITPOINT WARNING * * *
The boulder beetle stops rolling and uncurls.
The centaur zaps a wand.
The puff of flame hits you but does no damage.
The boulder beetle leaps!
The centaur wields a +0 shortbow.
The centaur shoots an arrow.
The arrow hits you but does no damage. The wyvern closely misses you.
The centaur attacks as you move away!
The centaur unwields a +0 shortbow.
The centaur barely misses you. The centaur misses you.
The wyvern attacks as you move away! The wyvern bites you!
* * * LOW HITPOINT WARNING * * *
The boulder beetle curls into a ball and begins rolling!
The wyvern completely misses you. The centaur misses you.
The centaur kicks you but does no damage.
The centaur attacks as you move away! The centaur barely misses you.
The centaur misses you. The wyvern closely misses you.
The centaur completely misses you.
The centaur kicks you but does no damage.
You feel better. The wyvern barely misses you.
A two-headed ogre comes into view.
It is wielding a +0 giant spiked club and a +0 giant club.
The centaur zaps a wand.
The puff of flame hits you!
* * * LOW HITPOINT WARNING * * *
Your corrosive artefact corrodes you!
Unknown command.
You feel better. The wyvern closely misses you.
The centaur hits you but does no damage.
The centaur completely misses you. The wyvern bites you!
You die...

............................
..................).........
##....................####.
###...°..............#
##...°.............#
##................#
#......°°..).....####
#........○c..........
##...O.o.Bl@......... .
#.#.#########...####.
.⌠..##.#.# #...# ....°B...#
#...# .⌠..##.### #.).# . #.
#...# ## #...# #...#
#############...####.


You could see a boulder beetle (rolling), a two-headed ogre, a wyvern, a centaur
and an orc priest (invisible).

Vanquished Creatures
  2 two-headed ogres (D:8)
  An elephant (D:9)
  2 kobold demonologists (D:9)
  A hornet (D:9)
  10 yaks
  2 wyverns (D:9)
  2 wraiths (D:9)
  2 steam dragons
  A basilisk (D:10)
  2 water moccasins
  3 acid dragons
  11 orc warriors
  2 ice beasts (D:7)
  4 black bears
  8 centaurs
  4 ogres
  5 kobold brigands
  3 bullfrogs
  5 gnoll sergeants
  2 scorpions
  6 necrophages
  7 wights
  A howler monkey (D:5)
  A jelly (D:5)
  3 orc priests
  3 gnoll boudas (D:9)
  12 hounds
  Jessica (D:2)
  An iguana (D:6)
  9 orc wizards
  21 gnolls
  10 adders
  2 shadow imps (D:5)
  A white imp (D:6)
  4 ufetubi
  A worm (D:2)
  3 dart slugs
  29 orcs
  9 ball pythons
  6 endoplasms
  5 giant cockroaches
  16 goblins
  8 hobgoblins
  A jackal (D:9)
  6 quokkas
  7 bats
  34 kobolds
  3 rats
282 creatures vanquished.

Vanquished Creatures (collateral kills)
  A foxfire (D:4)
1 creature vanquished.

Vanquished Creatures (others)
  961 foxfires
961 creatures vanquished.

Grand Total: 1244 creatures vanquished

Notes
Turn   | Place    | Note
-------+----------+-------------------------------------------
     0 | D:1      | funkygono the Gargoyle Fire Elementalist began the quest
                  | for the Orb.
     0 | D:1      | Reached XP level 1. HP: 10/10 MP: 3/3
    76 | D:1      | Reached XP level 2. HP: 15/15 MP: 0/5
    79 | D:1      | Learned a level 2 spell: Scorch
   553 | D:1      | Reached XP level 3. HP: 19/19 MP: 2/6
   557 | D:1      | Learned a level 3 spell: Kindle Blastsparks
  1107 | D:2      | Noticed Jessica
  1112 | D:2      | Killed Jessica
  1113 | D:2      | Reached skill level 4 in Fire Magic
  1113 | D:2      | Reached XP level 4. HP: 24/24 MP: 2/7
  1870 | D:3      | Found a faded altar of an unknown god.
  2068 | D:3      | Reached XP level 5. HP: 23/28 MP: 0/9
  3130 | D:3      | Reached XP level 6. HP: 32/32 MP: 7/11
  3167 | D:3      | Learned a level 4 spell: Flame Wave
  3287 | D:4      | Found the +5 robe of Misfortune {Harm *Corrode *Slow EV+5}
  3544 | D:4      | Reached skill level 5 in Fire Magic
  3831 | D:4      | Reached XP level 7. HP: 36/36 MP: 10/13
  3890 | D:5      | Entered Level 5 of the Dungeon
  4162 | D:5      | Reached skill level 5 in Spellcasting
  4219 | D:5      | Reached skill level 6 in Fire Magic
  4307 | D:5      | Reached XP level 8. HP: 30/41 MP: 6/15
  4472 | D:5      | Reached skill level 1 in Maces & Flails
  5342 | D:6      | Reached skill level 1 in Fighting
  5417 | D:6      | Reached skill level 7 in Fire Magic
  5508 | D:6      | Reached XP level 9. HP: 47/47 MP: 10/18
  5741 | D:6      | Reached skill level 5 in Conjurations
  5781 | D:6      | Found a white marble altar of Elyvilon.
  5861 | D:6      | Found an opulent altar of Gozag.
  5948 | D:6      | Found a staircase to the Ecumenical Temple.
  5962 | Temple   | Entered the Ecumenical Temple
  5982 | Temple   | Became a worshipper of Sif Muna the Loreminder
  6545 | D:7      | Reached skill level 8 in Fire Magic
  7002 | D:7      | Found Rett's Book Shop.
  7007 | D:7      | Bought a book of Geomancy for 252 gold pieces
  7013 | D:7      | Learned a level 3 spell: Stone Arrow
  7015 | D:7      | Learned a level 1 spell: Sandblast
  7035 | D:7      | Found Ukeuh's Jewellery Shop.
  7199 | D:7      | Found Ecullo's Antique Armour Emporium.
  7202 | D:7      | Bought a pair of runed gloves for 142 gold pieces
  7375 | D:8      | Identified the +9 ring mail "Nytesh" {rF+ rCorr}
  7401 | D:8      | Reached * piety under Sif Muna
  7402 | D:8      | Reached XP level 10. HP: 52/52 MP: 10/22
  7412 | D:8      | Noticed a two-headed ogre
  7423 | D:8      | Killed a two-headed ogre
  7632 | D:8      | Noticed a two-headed ogre
  7640 | D:8      | Killed a two-headed ogre
  7641 | D:8      | Reached skill level 9 in Fire Magic
  7641 | D:8      | Reached skill level 1 in Earth Magic
  7770 | D:8      | Found a white marble altar of Elyvilon.
  8209 | D:9      | Found a flagged portal.
  8230 | Bailey   | Entered a bailey
  8647 | Bailey   | Reached ** piety under Sif Muna
  9208 | D:9      | Reached skill level 10 in Fire Magic
  9392 | D:9      | Reached XP level 11. HP: 57/57 MP: 16/24
  9580 | D:9      | Reached skill level 10 in Spellcasting
 10083 | D:9      | Reached *** piety under Sif Muna
 10743 | D:9      | Found a burning altar of Makhleb.
 10848 | D:10     | Entered Level 10 of the Dungeon
 10866 | D:10     | Found a staircase to the Lair.
 11242 | D:10     | Reached skill level 11 in Fire Magic
 11498 | D:10     | Noticed a boulder beetle
 11514 | D:10     | Noticed a two-headed ogre
 11514 | D:10     | HP: 1/57 [centaur/puff of flame (8)]
 11515 | D:10     | Mangled by a wyvern

Illustrated notes

Levels and vault maps discovered:
D:1:      dpeg_arrival_round_c, layout_rooms
D:2:      layout_basic, uniq_jessica
D:3:      layout_basic, chequers_ecumenical_altar_twisty,
          kennysheep_generic_room_11
D:4:      layout_rooms
D:5:      layout_loops_ring, grunt_ministairs_8, kennysheep_generic_room_14
D:6:      layout_cave_pools, mainiacjoe_overflow_alcove_1,
          mainiacjoe_overflow_six_doors_small, minmay_temple_entry_wispy,
          roderic_roman_lattice
D:7:      layout_cave_pools, serial_shops, shop, nicolae_shop_behind_doors,
          nicolae_shop_hallway_stairs
D:8:      layout_gridville, serial_glass, glass_columns_a, glass_columns_c,
          minmay_strange_pillars, feat_on_display, due_unseen_surprise,
          minmay_ruined_shrine
D:9:      layout_big_octagon, marbit_many_paths, serial_gnoll_camp,
          gnoll_camp_huts_basic, gnoll_camp_mini_house, gnoll_camp_mini_hut,
          gnoll_camp_mini_sergeant, enter_bailey_5, kennysheep_kite_vault
D:10:     kennysheep_ambush_hall, layout_small_grid, david_lair_generic
Temple:   hellmonk_temple_of_storms

Skill      XL: |  1  2  3  4  5  6  7  8  9 10 11 |
---------------+----------------------------------+-----
Fire Magic     | 4 5 6 7 8 10 11 | 11.0
Conjurations   | 2 3 4 6 7 8 |  8.5
Dodging        | 2 3 |  3.3
Spellcasting   | 3 4 5 6 8 9 10 | 10.8
Maces & Flails | 1 |  1.8
Fighting       | 1 |  1.9
Earth Magic    | 1 |  1.8
Stealth        | |  2.1

Action                     |  1- 3 |  4- 6 |  7- 9 | 10-12 || total
---------------------------+-------+-------+-------+-------++-------
  Melee: Club              |     5 |       |       |       ||     5
         Whip              |       |     8 |    40 |    23 ||    71
         Unarmed           |       |       |     1 |       ||     1
   Cast: Foxfire           |    52 |   122 |   147 |   220 ||   541
         Scorch            |       |     5 |    37 |    45 ||    87
         Flame Wave        |       |       |     4 |     9 ||    13
         Stone Arrow       |       |       |     3 |    36 ||    39
         Sandblast         |       |       |     1 |    11 ||    12
  Evoke: Wand              |       |       |       |     1 ||     1
    Use: Scroll            |       |       |    12 |     9 ||    21
         Potion            |       |       |       |     3 ||     3
 Armour: Robe              |     2 |    11 |    33 |    49 ||    95
  Dodge: Dodged            |     3 |    16 |    76 |   106 ||   201

Table legend: (Time is in decaauts)
 A = Elapsed time spent in this place.
 B = Non-inter-level travel time spent in this place.
 C = Inter-level travel time spent in this place.
 D = Time resting spent in this place.
 E = Time spent auto-exploring this place.
 F = Levels seen in this place.
 G = Mean time per level.
                   A        B        C        D        E       F      G
               +--------+--------+--------+--------+--------+-----+--------+
         Total |  11535 |  11289 |    246 |    489 |   8702 |  12 |  961.2 |
       Dungeon |  10711 |  10473 |    238 |    216 |   8579 |  10 | 1071.1 |
        Temple |     44 |     37 |      7 |      0 |     16 |   1 |   44.0 |
        Bailey |    779 |    779 |      0 |    273 |    107 |   1 |  779.0 |
               +--------+--------+--------+--------+--------+-----+--------+

Top non-repeatable levels by time:
     D:9: 1976 daAuts
     D:3: 1367 daAuts
     D:6: 1338 daAuts
     D:5: 1322 daAuts
     D:2: 880 daAuts
     D:8: 847 daAuts
     D:1: 833 daAuts
     D:4: 810 daAuts
  Bailey: 779 daAuts
     D:7: 761 daAuts
    D:10: 573 daAuts
  Temple: 44 daAuts
